 Dungeon Crawl Stone Soup version 0.24.0-123-gd5b16e6ec5 (webtiles) character file.

Game seed: 4102882977324902189, levelgen mode: deterministic

9 1994 the Caller (level 2, -11/20 HPs)
             Began as a Mummy Summoner on Feb 5, 2020.
             Mangled by a gnoll
             ... wielding a +2 flail of protection
              (16 damage)
             ... on level 1 of the Dungeon.
             The game lasted 00:03:42 (1288 turns).

1994 the Caller (Mummy Summoner)                    Turns: 1288, Time: 00:03:43

Health: -11/20     AC:  3    Str: 11    XL:     2   Next: 3%
Magic:  2/5        EV: 12    Int: 14    God:
Gold:   44         SH:  0    Dex: 12    Spells: 5/6 levels left

rFire    x . .     SeeInvis .   (no weapon)
rCold    + . .     Gourm    .   (no shield)
rNeg     + + +     Faith    .   a - +0 robe
rPois    ∞         Spirit   .   (no helmet)
rElec    .         Reflect  .   (no cloak)
rCorr    .         Harm     .   (no gloves)
MR       .....                  e - +0 pair of boots
Stlth    ++........             (no amulet)
HPRegen  0.06/turn              (no ring)
MPRegen  0.09/turn              (no ring)

@: very slightly contaminated
A: no food or potions, fire vulnerability, cold resistance 1, negative energy
resistance 3, torment resistance, unbreathing
a: no special abilities


You were on level 1 of the Dungeon.
You were not hungry.

You visited 1 branch of the dungeon, and saw 2 of its levels.

You collected 44 gold pieces.

Inventory:

Missiles
 c - 47 stones (quivered)
 i - 23 sling bullets
Armour
 a - a +0 robe (worn)
 e - a +0 pair of boots (worn)
Scrolls
 b - a scroll of noise {unknown}
 d - a scroll of immolation {unknown}
 f - 2 scrolls of teleportation {unknown}
 g - a scroll of enchant weapon {unknown}
 h - 2 scrolls of identify {unknown}


   Skills:
 + Level 0.6 Fighting
 - Level 1.5 Dodging
 - Level 1.5 Stealth
 + Level 2.9 Spellcasting
 * Level 3.5 Summonings


You had 5 spell levels left.
You knew the following spells:

 Your Spells              Type           Power        Failure   Level  Hunger
a - Summon Small Mammal   Summ           ##..         5%          1    N/A

Your spell library contained the following spells:

 Spells                   Type           Power        Failure   Level  Hunger
 Call Imp                 Summ           ##......     8%          2    N/A
 Call Canine Familiar     Summ           ##......     16%         3    N/A
 Summon Guardian Golem    Hex/Summ       #.......     32%         3    N/A
 Summon Ice Beast         Ice/Summ       #.......     71%         4    N/A
 Summon Lightning Spire   Summ/Air       #.......     71%         4    N/A

Dungeon Overview and Level Annotations

Branches:
Dungeon (2/15)

Altars:


Innate Abilities, Weirdness & Mutations

You do not eat or drink.
Your flesh is vulnerable to fire.
You are immune to poison.
Your flesh is cold resistant. (rC+)
You are immune to negative energy. (rN+++)
You are immune to unholy pain and torment.
You can survive without breathing.


Message History

Ouch! That really hurt!
* * * LOW HITPOINT WARNING * * *
Your rat bites the gnoll but does no damage.
You see here a ring mail.
Casting: Summon Small Mammal (safe; 5% risk of failure)
Confirm with . or Enter, or press ? or * to list all spells.
You miscast Summon Small Mammal.
You are very lightly contaminated with residual magic.
A fistful of eyes flickers past your view.
The gnoll barely misses you.
Casting: Summon Small Mammal (safe; 5% risk of failure)
Confirm with . or Enter, or press ? or * to list all spells.
The gnoll hits you but does no damage.
Casting: Summon Small Mammal (safe; 5% risk of failure)
Confirm with . or Enter, or press ? or * to list all spells.
Your bat hits the gnoll but does no damage.
Your bat barely misses the gnoll.
The gnoll hits you with a +2 flail of protection!
Ouch! That really hurt!
You die...

###########
..........################
#########.......#........#
#..#.##.#.######.#
########..#.##.#.#### #.#
#>..................# #.#
##.######..#.........# #.#### #
.....%.........gb....# #.##.#####
##.######.#..#.#@.#### #.##......
#...........b..##.# #.##.#####
...####.##.....##.######....#####
##.####.##.....##...............#
#......##.....##[..########.####
##...............................
.........#...#.##...#........##..
.#######.#.....##.#.#.####.####..
.#.....#.#.....##.#...........+..


You could see a gnoll and a friendly bat.

Vanquished Creatures
  A goblin (D:2)
  A kobold (D:1)
2 creatures vanquished.

Vanquished Creatures (collateral kills)
  A dart slug (D:1)
  2 goblins (D:1)
  2 hobgoblins (D:1)
  A bat (D:1)
  2 rats (D:1)
8 creatures vanquished.

Grand Total: 10 creatures vanquished

Notes
Turn   | Place    | Note
-------+----------+-------------------------------------------
     0 | D:1      | 1994 the Mummy Summoner began the quest for the Orb.
     0 | D:1      | Reached XP level 1. HP: 13/13 MP: 4/4
   919 | D:1      | Reached XP level 2. HP: 20/20 MP: 1/5
  1288 | D:1      | Mangled by a gnoll

Levels and vault maps discovered:
D:1:      dpeg_arrival_stone_temple_mockup, layout_basic
D:2:      minmay_skewed_foursquare, layout_basic, first_ration

Action                   || total
-------------------------++-------
Melee: Unarmed           ||    21
 Cast: Summon Small Mamm ||    22
 Stab: Sleeping          ||     1
Armor: Robe              ||    10
Dodge: Dodged            ||    18
